 Dungeon Crawl Stone Soup version 0.21.0-24-g2553a33 (webtiles) character file.

469 Gorglomux the Shield-Bearer (level 6, -4/57 HPs)
             Began as a Deep Dwarf Fighter on Jan 20, 2018.
             Was an Initiate of Makhleb.
             Slain by an ogre
             ... wielding a +0 giant spiked club
              (28 damage)
             ... on level 4 of the Dungeon.
             The game lasted 00:01:44 (2822 turns).

Gorglomux the Shield-Bearer (Deep Dwarf Fighter)    Turns: 2822, Time: 00:01:45

Health: -4/57      AC: 13    Str: 21    XL:     6   Next: 82%
Magic:  6/6        EV:  4    Int:  9    God:    Makhleb [......]
Gold:   12         SH: 10    Dex: 12    Spells: 5/5 levels left

rFire    . . .     SeeInvis .   a - +0 war axe
rCold    . . .     Gourm    .   c - +0 shield
rNeg     . . .     Faith    .   t - +0 plate armour
rPois    .         Spirit   .   (no helmet)
rElec    .         Reflect  .   x - +0 cloak
rCorr    .         Harm     .   (no gloves)
MR       .....                  (no boots)
Stlth    ..........             (no amulet)
HPRegen  0.00/turn              (no ring)
MPRegen  0.10/turn              (no ring)

@: non-regenerating
A: damage resistance, heal wounds, sense surroundings 1, no regeneration
a: Heal Wounds, Renounce Religion


You were on level 4 of the Dungeon.
You worshipped Makhleb.
Makhleb was noncommittal.
You were not hungry.

You visited 2 branches of the dungeon, and saw 5 of its levels.

You collected 210 gold pieces.
You spent 198 gold pieces at shops.

Inventory:

Hand Weapons
 a - a +0 war axe (weapon)
Armour
 c - a +0 shield (worn)
 t - a +0 plate armour (worn)
 x - a +0 cloak (worn)
Scrolls
 j - 4 scrolls of remove curse {unknown}
 l - 7 scrolls of teleportation {unknown}
 m - 2 scrolls of fear {unknown}
 n - 8 scrolls of identify {unknown}
 o - a scroll of enchant armour {unknown}
 v - a scroll of enchant weapon {unknown}
 y - a scroll of noise {unknown}
Potions
 d - a potion of might
 g - 4 potions of curing {unknown}
 i - a potion of agility {unknown}
 p - a potion of berserk rage {unknown}
 q - a potion of ambrosia {unknown}
 r - a potion of flight {unknown}
 s - 2 potions of lignification {unknown}
 u - a potion of resistance {unknown}
 w - 2 potions of mutation
 A - 2 potions of heal wounds
Comestibles
 f - 5 rations
 z - 2 chunks of flesh


   Skills:
 + Level 4.2 Fighting
 + Level 4.4 Axes
 + Level 5.0 Armour
 + Level 5.1 Shields


You had 5 spell levels left.
You didn't know any spells.

Dungeon Overview and Level Annotations

Branches:
Dungeon (4/15)             Temple (1/1) D:4

Altars:
Ashenzari
Cheibriados
Dithmenos
Elyvilon
Fedhas
Gozag
Hepliaklqana
Kikubaaqudgha
Makhleb
Nemelex Xobeh
Okawaru
Qazlal
Ru
Sif Muna
Trog
Vehumet
Xom
Yredelemnul

Shops:
D:4 !


Innate Abilities, Weirdness & Mutations

You are resistant to damage.
You can heal yourself by infusing magical energy.
You passively map a small area around you.
You do not regenerate.


Message History

You now have 12 butt pieces (gained 6)!
An ogre comes into view! It is wielding a giant spiked club!
The ogre shouts!!!
An ogre is nearby!!!
An ogre is nearby!!!
An ogre is nearby!!!
You feel much better!
You dice the ogre like an onion!!!
The ogre is moderately wounded!
The ogre hits butt with a giant spiked club!!!
Your plate armour prevents you from hitting the ogre!
The ogre is moderately wounded!
You block the ogre's attack!
You dice the ogre like an onion!!!
The ogre is severely wounded!
The ogre hits you with a giant spiked club!!!!!!
You dice the ogre like an onion!
The ogre is almost dead!
The ogre hits you with a giant spiked club!!!!!! rip

#...# #..# #.### **
#######..# #.#
.........#
######.####.#*#######.##
#...........# #.#
#.####.###### #.# #.#
##.##############.#
.)###.............♣...#
.).....## #####.@..####
.)....<# #O#♣∩♣ ########
#. #..# #.*#♣.# #. *.#
#. *.# #.* *.# #., .# ##


You could see an ogre.

Vanquished Creatures
  A scorpion (D:4)
  A howler monkey (D:2)
  A bullfrog skeleton (D:4)
  An orc priest (D:4)
  2 hounds (D:4)
  2 orc wizards
  A worker ant (D:4)
  A hound skeleton (D:4)
  A gnoll (D:4)
  7 adders
  An ooze (D:2)
  An adder zombie (D:4)
  An adder skeleton (D:4)
  3 worms
  3 dart slugs
  3 leopard geckos
  9 orcs
  A ball python (D:2)
  A giant cockroach (D:3)
  3 goblins
  6 hobgoblins
  4 jackals (D:1)
  6 bats
  4 frilled lizards
  8 kobolds
  7 rats
79 creatures vanquished.

Notes
Turn   | Place    | Note
-------+----------+-------------------------------------------
     0 | D:1      | Gorglomux the Deep Dwarf Fighter began the quest for the Orb.
     0 | D:1      | Reached XP level 1. HP: 20/20 MP: 1/1
   150 | D:1      | Reached XP level 2. HP: 24/27 MP: 2/2
   427 | D:1      | Reached skill level 3 in Fighting
   662 | D:2      | Reached XP level 3. HP: 26/34 MP: 3/3
   806 | D:2      | Reached skill level 3 in Axes
   806 | D:2      | Reached XP level 4. HP: 20/42 MP: 4/4
   973 | D:2      | Found a faded altar of an unknown god.
  1400 | D:3      | Found a snail-covered altar of Cheibriados.
  1519 | D:3      | Reached XP level 5. HP: 25/49 MP: 5/5
  2084 | D:4      | Reached XP level 6. HP: 29/57 MP: 6/6
  2116 | D:4      | Found an iron altar of Okawaru.
  2264 | D:4      | Found a staircase to the Ecumenical Temple.
  2288 | Temple   | Entered the Ecumenical Temple
  2446 | Temple   | Became a worshipper of Makhleb the Destroyer
  2811 | D:4      | Found Japenif's Distillery.
  2814 | D:4      | Bought 2 potions of heal wounds for 110 gold pieces
  2814 | D:4      | Bought a potion of mutation for 88 gold pieces
  2822 | D:4      | Slain by an ogre

Skill      XL: |  1  2  3  4  5  6 |
---------------+-------------------+-----
Fighting       | 3 4 |  4.2
Axes           | 3 4 |  4.4
Armour         | 4 5 |  5.0
Shields        | 4 5 |  5.1

Action                   |  1- 3 |  4- 6 || total
-------------------------+-------+-------++-------
Melee: War axe           |    78 |   206 ||   284
 Abil: Heal Wounds       |       |     5 ||     5
  Eat: Chunk             |       |     7 ||     7
Armor: Scale mail        |    30 |    13 ||    43
       Plate armour      |       |   158 ||   158
Dodge: Dodged            |    28 |    37 ||    65
Block: Shield            |    37 |   139 ||   176
